 Dungeon Crawl Stone Soup version 0.29.1-15-g9cfb28693d (webtiles) character file.

Game seed: 13561818896024988565

4470 101zpm the Thaumaturge (level 10, -10/60 HPs)
             Began as a Djinni Fire Elementalist on Mar 6, 2023.
             Was a High Priest of Ignis.
             Mangled by a yak (17 damage)
             ... on level 8 of the Dungeon.
             The game lasted 00:23:33 (12085 turns).

101zpm the Thaumaturge (Djinni Fire Elementalist)  Turns: 12085, Time: 00:23:34

Health: -10/60     AC:  3    Str:  7    XL:     10   Next: 64%
Gold:   394        EV: 12    Int: 21    God:    Ignis [*****.] SH:  0 Dex: 14

rFire   + + +      SeeInvis .   (no weapon)
rCold   x . .      Faith    .   (no shield)
rNeg    . . .      Spirit   .   a - +0 robe
rPois   ∞          Reflect  .   p - +0 helmet
rElec   .          Harm     .   (no cloak)
rCorr   .          Rampage  .   (no gloves)
Will    +....                   (boots unavailable)
Stlth   ++........              (no amulet)
HPRegen 0.20/turn               k - ring of wizardry
MPRegen 0.00/turn               (no ring)

@: flying
A: sickness immunity, fire resistance 2, cold vulnerability 1, float, innate
caster, HP casting, extra vitality 1
a: Renounce Religion, Fiery Armour, Foxfire Swarm, Rising Flame


You were on level 8 of the Dungeon.
You worshipped Ignis.
Ignis was extremely pleased with you.
You visited 2 branches of the dungeon, and saw 9 of its levels.
You also visited: Sewer.

You collected 394 gold pieces.

Inventory:

Missiles
 i - 12 boomerangs
 o - 17 poisoned darts
Armour
 a - a +0 robe (worn)
 m - a +0 pair of gloves
 p - a +0 helmet (worn)
Jewellery
 k - a ring of wizardry (left hand)
Wands
 E - a wand of mindburst (10)
Scrolls
 c - 2 scrolls of teleportation {unknown}
 e - 4 scrolls of blinking
 g - a scroll of poison {unknown}
 l - 6 scrolls of identify {unknown}
 s - a scroll of magic mapping {unknown}
 t - a scroll of enchant armour {unknown}
 u - 2 scrolls of brand weapon {unknown}
 v - 2 scrolls of amnesia {unknown}
 x - 3 scrolls of fog {unknown}
 y - a scroll of enchant weapon {unknown}
 C - a scroll of noise {unknown}
 D - a scroll of fear {unknown}
 F - a scroll of silence {unknown}
Potions
 b - a potion of attraction {unknown}
 d - a potion of might {unknown}
 f - 2 potions of experience {unknown}
 h - 4 potions of cancellation {unknown}
 j - a potion of lignification {unknown}
 q - 4 potions of curing {unknown}
 r - 2 potions of heal wounds {unknown}
 w - 2 potions of berserk rage {unknown}
 z - a potion of degeneration {unknown}
 A - 2 potions of ambrosia {unknown}
 B - a potion of flight {unknown}
Miscellaneous
 n - a phantom mirror


   Skills:
 + Level 0.1 Fighting
 + Level 2.8 Dodging
 + Level 3.7 Stealth
 + Level 11.3 Spellcasting


You had 8 spell levels left.
You knew the following spells:

 Your Spells              Type           Power      Damage    Failure   Level
a - Foxfire               Conj/Fire      100%       2x1d9     1%          1
b - Scorch                Fire           100%       2d10      1%          2
c - Conjure Flame         Conj/Fire      56%        6-21      1%          3
d - Inner Flame           Hex/Fire       56%        N/A       1%          3
e - Flame Wave            Conj/Fire      56%        2d13      1%          4
f - Slow                  Hex            100%       N/A       1%          1
g - Searing Ray           Conj           100%       2d8       1%          2
h - Gell's Gravitas       Tloc           56%        N/A       1%          3
i - Summon Lightning Spi  Summ/Air       56%        N/A       1%          4
Your spell library was empty.

Dungeon Overview and Level Annotations

Branches:
Dungeon (8/15)             Temple (1/1) D:5            Lair (0/5) D:8
  Sewer (visited)

Altars:
Ashenzari
Cheibriados
Dithmenos
Elyvilon
Fedhas
Hepliaklqana
Makhleb
Nemelex Xobeh
Okawaru
Qazlal
Trog
Uskayaw
Wu Jian
Xom
Yredelemnul
Zin
The Shining One
Ignis

Annotations:
D:6 2 transporters, vampirul's ghost, novice GrEE


Innate Abilities, Weirdness & Mutations

You are immune to sickness and miasma.
You are immune to poison.
Your flesh is very heat resistant. (rF++)
You are vulnerable to cold. (rC-)
You float through the air rather than walking.
You learn spells naturally, not from books.
Your magical power is your life essence.
You have superior vitality. (+4 MHP)


Message History

Flames lash the yak.
The yak is almost dead.
The yak's fire resistance burns away.
Casting: Foxfire (safe; 1% risk of failure)
Press: ? - help, Q - select action, (/) - cycle Dir - look around, f - activate You conjure some foxfire!
The yak is engulfed in blazing flames.
The foxfire hits the yak.
The yak is burned terribly!
The yak is almost dead.
The yak misses you.
Your foxfire dissipates!
The yak is engulfed in blazing flames. x2
Casting: Foxfire (safe; 1% risk of failure)
Confirm with . or Enter, or press ? or * to list all spells.
Flames lash the yak.
The yak is burned terribly!
You kill the yak!
The yak is engulfed in blazing flames.
You kill the yak!
The yak is engulfed in blazing flames.
The yak gores you!
* * * LOW HITPOINT WARNING * * *
Casting: Scorch (safe; 1% risk of failure)
Confirm with . or Enter, or press ? or * to list all spells.
Flames lash the yak.
Flame seeps out of the yak.
The yak is severely wounded.
The yak's fire resistance burns away.
* * * LOW HITPOINT WARNING * * *
The yak is engulfed in blazing flames.
The yak explodes!
The fiery explosion engulfs you. You resist.
* * * LOW HITPOINT WARNING * * *
Casting: Scorch (safe; 1% risk of failure)
Confirm with . or Enter, or press ? or * to list all spells.
Aiming: Inner Flame (safe; 1% risk of failure)
Press: ? - help, Dir - move target, f - yak
Aim: a yak (flame, heavily wounded, chance to affect: 95%)
The yak is filled with an inner flame.
* * * LOW HITPOINT WARNING * * *
The yak is engulfed in blazing flames.
Flame seeps out of the yak.
The yak attacks as you move away! The yak gores you!
You die...

##............
##.............(.#
#................#
#................#
#...............#
#...............#
#..............# .
######............#
..
................@##
...
.#####.....#####§Y##
Y... ## #######
##.§###


YY... ##§.§#...... ###zz..z... ##.###... .# .# .# You could see a yak (inner
flame) and 2 wights.

Vanquished Creatures
  Prince Ribbit (D:7)
  5 yaks (D:8)
  2 water moccasins (D:7)
  An orc warrior (D:8)
  2 sky beasts
  An ice beast (D:6)
  A black bear (D:5)
  3 ogres
  2 centaurs
  2 phantoms
  4 bullfrogs
  A gnoll sergeant (D:6)
  A scorpion (D:5)
  3 wights (D:8)
  7 killer bees (D:8)
  A howler monkey (D:6)
  3 hounds
  3 jellies
  9 orc priests
  An iguana (D:4)
  13 orc wizards
  9 adders
  9 gnolls (D:6)
  A shadow imp (D:7)
  An ufetubus (D:5)
  A worm (D:2)
  2 dart slugs
  19 orcs
  3 bats
  10 endoplasms
  12 giant cockroaches
  13 goblins
  6 hobgoblins
  2 jackals (D:2)
  10 kobolds
  4 quokkas (Sewer)
  13 ball pythons
  5 frilled lizards
  3 rats
189 creatures vanquished.

Vanquished Creatures (collateral kills)
  A steam dragon (D:8)
  A kobold brigand (D:7)
  A wight (D:8)
  2 killer bees (D:8)
  An iguana (D:7)
  2 kobolds (D:7)
  4 foxfires
12 creatures vanquished.

Vanquished Creatures (others)
  559 foxfires
559 creatures vanquished.

Grand Total: 760 creatures vanquished

Notes
Turn   | Place    | Note
-------+----------+-------------------------------------------
     0 | D:1      | 101zpm the Djinni Fire Elementalist began the quest for the
                  | Orb.
     0 | D:1      | 101zpm set off with the following spells memorised:
                  | Foxfire, Scorch, Conjure Flame, Inner Flame, Flame Wave.
     0 | D:1      | Reached XP level 1. HP: 15/15 MP: 0/0
   408 | D:1      | Reached XP level 2. HP: 18/21 MP: 0/0
   566 | D:2      | Reached skill level 3 in Spellcasting
   568 | D:2      | Reached XP level 3. HP: 15/25 MP: 0/0
   568 | D:2      | Learned a level 1 spell: Slow
  1891 | D:2      | Reached XP level 4. HP: 28/31 MP: 0/0
  4131 | D:1      | Reached XP level 5. HP: 32/35 MP: 0/0
  4131 | D:1      | Learned a level 2 spell: Searing Ray
  4613 | D:1      | Found a faded altar of an unknown god.
  4784 | D:1      | Prayed at the altar of an unknown god.
  4784 | D:1      | Became a worshipper of Ignis, the Dying Flame
  4931 | D:4      | Reached skill level 4 in Spellcasting
  5318 | D:4      | Noticed an ogre
  5321 | D:4      | Killed an ogre
  5322 | D:4      | Reached XP level 6. HP: 33/40 MP: 0/0
  5596 | D:4      | Reached skill level 5 in Spellcasting
  5691 | D:4      | Reached XP level 7. HP: 22/45 MP: 0/0
  5691 | D:4      | Learned a level 3 spell: Gell's Gravitas
  6311 | D:5      | Entered Level 5 of the Dungeon
  6315 | D:5      | Reached skill level 6 in Spellcasting
  6623 | D:5      | Found a staircase to the Ecumenical Temple.
  6639 | D:5      | Reached XP level 8. HP: 34/50 MP: 0/0
  6813 | D:5      | Found a glowing drain.
  6824 | Sewer    | Entered a sewer
  7583 | D:5      | Reached skill level 7 in Spellcasting
  8171 | Temple   | Entered the Ecumenical Temple
  8171 | Temple   | Found a transporter.
  8171 | Temple   | Found a transporter.
  8173 | Temple   | Found a transporter.
  8173 | Temple   | Found a transporter.
  8680 | D:6      | Reached skill level 8 in Spellcasting
  8806 | D:6      | Reached XP level 9. HP: 47/55 MP: 0/0
  8806 | D:6      | Learned a level 4 spell: Summon Lightning Spire
  8990 | D:6      | Found a transporter.
  9228 | D:6      | Found a transporter.
  9270 | D:6      | Noticed vampirul's ghost (novice GrEE)
  9609 | D:7      | Reached skill level 9 in Spellcasting
  9949 | D:7      | Found a basalt altar of Yredelemnul.
 10796 | D:7      | Noticed Prince Ribbit
 10802 | D:7      | Killed Prince Ribbit
 11237 | D:8      | Reached XP level 10. HP: 33/60 MP: 0/0
 11512 | D:8      | Reached skill level 10 in Spellcasting
 11707 | D:8      | Found a staircase to the Lair.
 12074 | D:8      | Reached skill level 11 in Spellcasting
 12085 | D:8      | Mangled by a yak

Illustrated notes

Levels and vault maps discovered:
D:1:      sevenhm_arrival_forest_fort_small_3, layout_loops_ring,
          dreamdust_ecumenical_altar_hidden_monk_grotto
D:2:      layout_basic
D:3:      corexii_shack_village, layout_loops_ring, minmay_checkerbox
D:4:      layout_loops_ring, roderic_lattice_a
D:5:      layout_basic, minmay_temple_entry_large_hall,
          cheibrodos_sewer_entry_drain
D:6:      layout_gridville, gammafunk_ghost_stat_death
D:7:      layout_loops_cross, amethyst_overflow_temple_binary,
          uniq_prince_ribbit1
D:8:      layout_cave_pods, mainiacjoe_overflow_divided_tiny, lair_entry_dummy
Temple:   hellmonk_temple_divided_pantheon

Skill      XL: |  1  2  3  4  5  6  7  8  9 10 |
---------------+-------------------------------+-----
Spellcasting   | 3 4 5 6 8 9 11 | 11.3
Stealth        | 2 3 |  3.7
Fighting       | |  0.1
Dodging        | |  2.8

Action                   |  1- 3 |  4- 6 |  7- 9 | 10-12 || total
-------------------------+-------+-------+-------+-------++-------
 Cast: Foxfire           |    71 |   127 |   118 |    22 ||   338
       Scorch            |     5 |    35 |    45 |     8 ||    93
       Inner Flame       |     2 |     5 |    62 |    20 ||    89
       Gell's Gravitas   |       |       |     4 |     1 ||     5
       Summon Lightning  |       |       |     4 |     1 ||     5
       Flame Wave        |       |       |     2 |       ||     2
Invok: Fiery Armour      |       |       |       |     1 ||     1
  Use: Scroll            |       |       |     1 |       ||     1
Armor: Robe              |     2 |     2 |     2 |       ||     6
Dodge: Dodged            |     4 |     5 |     8 |     7 ||    24
